 Dungeon Crawl Stone Soup version 0.30.0 (webtiles) character file.

Game seed: 17920857494283253510

273 adizb the Covered (level 6, -1/55 HPs)
             Began as an Armataur Fighter on May 6, 2023.
             Was a Follower of the Shining One.
             Slain by a lemure (8 damage)
             ... led by Pikel
             ... on level 4 of the Dungeon.
             The game lasted 00:13:35 (2007 turns).

adizb the Covered (Armataur Fighter)                Turns: 2007, Time: 00:13:35

Health: -1/55      AC: 10    Str: 24    XL:     6   Next: 2%
Magic:  7/7        EV:  6    Int:  8    God:    the Shining One [*.....]
Gold:   119        SH:  4    Dex:  9    Spells: 5/5 levels left

rFire   . . .        a - +1 war axe
rCold   . . .        c - +0 buckler
rNeg    . . .        g - +0 chain mail
rPois   +            j - +0 helmet
rElec   .            (no cloak)
rCorr   .            (no gloves)
SInv    .            (no barding)
Will    .....        i - amulet of regeneration Stlth
                     h - ring of poison resistance
HPRegen 1.09/turn    (no ring)
MPRegen 0.10/turn

%: roll
@: glowing
A: large, rugged brown scales 3, deformed body, armoured tail, roll, long
tongue, awkward tongue
a: Renounce Religion, Divine Shield


You were on level 4 of the Dungeon.
You worshipped the Shining One.
The Shining One was aware of your devotion.
You visited 1 branch of the dungeon, and saw 5 of its levels.

You collected 119 gold pieces.

Inventory:

Hand Weapons
 a - a +1 war axe (weapon)
Armour
 c - a +0 buckler (worn)
 g - a +0 chain mail (worn)
 j - a +0 helmet (worn)
Jewellery
 h - a ring of poison resistance (left hand)
 i - an amulet of regeneration (around neck)
 l - a ring of magical power
Wands
 q - a wand of quicksilver (5)
Scrolls
 f - a scroll of noise {unknown}
 m - 3 scrolls of enchant weapon
 o - a scroll of teleportation {unknown}
Potions
 b - a potion of flight {unknown}
 d - 2 potions of might
 k - 2 potions of curing {unknown}
 n - a potion of haste {unknown}
 p - a potion of heal wounds {unknown}


   Skills:
 + Level 3.7 Fighting
 + Level 3.3 Axes
 + Level 5.2 Armour
 - Level 3.2 Shields
 + Level 2.0 Invocations


You had 5 spell levels left.
You didn't know any spells.
Your spell library contained the following spells:

 Spells                   Type           Power      Damage    Failure   Level
 Foxfire                  Conj/Fire      0%         2x1d4     95%         1
 Sandblast                Erth           0%         2d4       95%         1
 Lesser Beckoning         Tloc           0%         N/A       99%         2
 Passwall                 Tmut/Erth      0%         N/A       99%         2
 Gell's Gravitas          Tloc           0%         N/A       100%        3
 Portal Projectile        Hex/Tloc       0%         N/A       100%        3
 Stone Arrow              Conj/Erth      0%         3d7       100%        3
 Teleport Other           Tloc           0%         N/A       100%        3
 Tukima's Dance           Hex            0%         N/A       100%        3
 Blade Hands              Tmut           0%         N/A       100%        5
 Fireball                 Conj/Fire      0%         3d3       100%        5
 Plasma Beam              Fire/Air       0%         2x1d11    100%        6
 Starburst                Conj/Fire      0%         6d3       100%        6


Dungeon Overview and Level Annotations

Branches:
Dungeon (5/15)
 Temple: D:4-7

Altars:
Cheibriados
Sif Muna
The Shining One

Annotations:
D:4 Pikel


Innate Abilities, Weirdness & Mutations

You are completely covered in rugged brown scales. (AC +3, +7% HP)
Armour fits poorly on your strangely shaped body.
You have a long armoured tail.
You roll when moving toward enemies. (Rampage)
Your long tongue fully drains potion bottles. (2x potion effects)
Your tongue gives you trouble enunciating. (1.5x scroll delay)


Message History

The lemure is moderately wounded.
The lemure hits you but does no damage.
You hit Edmund but do no damage. You closely miss the lemure.
The lemure barely misses you.
Edmund hits you with a +2 flail of holy wrath.
The lemure hits you.
You hit Edmund.
Edmund is lightly wounded.
You hit the lemure. Edmund hits you but does no damage. The lemure hits you.
Edmund hits you but does no damage.
You slash Edmund! You tail-slap Edmund.
Edmund is moderately wounded.
You barely miss the lemure. The lemure hits you. Edmund completely misses you.
You slash Edmund! You tail-slap Edmund.
Edmund is heavily wounded.
You hit the lemure. The lemure hits you but does no damage.
Edmund hits you with a +2 flail of holy wrath!
* * * LOW HITPOINT WARNING * * *
The lemure hits you but does no damage.
You slash Edmund!
Edmund is severely wounded.
You hit the lemure. Edmund hits you but does no damage.
The lemure barely misses you. Edmund barely misses you.
You hit Edmund.
Edmund is severely wounded.
You closely miss the lemure. The lemure hits you.
* * * LOW HITPOINT WARNING * * *
Edmund hits you with a +2 flail of holy wrath!
* * * LOW HITPOINT WARNING * * *
You completely miss Edmund. You tail-slap Edmund!
Edmund is almost dead.
You hit the lemure. The lemure hits you.
* * * LOW HITPOINT WARNING * * *
Edmund hits you with a +2 flail of holy wrath.
* * * LOW HITPOINT WARNING * * *
The lemure barely misses you.
You hit Edmund. You tail-slap Edmund.
You kill Edmund!
You barely miss the lemure. The lemure hits you!
You die...

.# .#
#.........#
#.........#
#.(...?...#
#.........#
#........
#......
#5.)# #.@.#
#..).#
#....#
#.[### #..
#.# #. #.


You could see a lemure.

Vanquished Creatures
  Edmund (D:4)
  A hound (D:3)
  2 iguanas
  A sleepcap (D:4)
  Terence (D:3)
  Ijyb (D:3)
  An adder (D:4)
  2 worms
  3 dart slugs
  10 orcs
  3 giant cockroaches
  10 goblins
  5 hobgoblins
  4 jackals (D:2)
  3 quokkas
  9 ball pythons
  3 bats
  6 frilled lizards
  11 kobolds
  9 rats
86 creatures vanquished.

Notes
Turn   | Place    | Note
-------+----------+-------------------------------------------
     0 | D:1      | adizb the Armataur Fighter began the quest for the Orb.
     0 | D:1      | Reached XP level 1. HP: 19/19 MP: 1/1
   300 | D:1      | Reached XP level 2. HP: 26/26 MP: 2/2
   315 | D:1      | Reached skill level 4 in Armour
   694 | D:2      | Reached XP level 3. HP: 33/33 MP: 3/3
   847 | D:2      | Found a faded altar of an unknown god.
   853 | D:2      | Prayed at the altar of an unknown god.
   853 | D:2      | Became a worshipper of the Shining One
   853 | D:2      | Reached * piety under the Shining One
  1230 | D:3      | Found a snail-covered altar of Cheibriados.
  1265 | D:3      | Reached XP level 4. HP: 40/40 MP: 4/4
  1301 | D:3      | Found a shimmering blue altar of Sif Muna.
  1356 | D:3      | Noticed Terence
  1364 | D:3      | Killed Terence
  1447 | D:3      | Reached skill level 1 in Invocations
  1594 | D:3      | Reached XP level 5. HP: 48/48 MP: 5/5
  1626 | D:3      | Noticed Ijyb
  1639 | D:3      | Killed Ijyb
  1704 | D:3      | Reached skill level 5 in Armour
  1978 | D:4      | Noticed a lemure
  1978 | D:4      | Noticed a lemure
  1978 | D:4      | Noticed a lemure
  1979 | D:4      | Noticed Pikel
  1979 | D:4      | Noticed a lemure
  1980 | D:4      | Reached XP level 6. HP: 55/55 MP: 7/7
  1984 | D:5      | Entered Level 5 of the Dungeon
  1995 | D:4      | Noticed Edmund
  2007 | D:4      | Killed Edmund
  2007 | D:4      | Slain by a lemure

Illustrated notes

Levels and vault maps discovered:
D:1:      dpeg_arrival_water_altar, layout_basic, minmay_indecisive_spiral
D:2:      layout_loops_ring, dreamdust_ecumenical_altar_statues,
          guppyfry_early_orc_mine
D:3:      minmay_angry_zag, layout_loops_ring, nicolae_sif_muna_condensation,
          mainiacjoe_overflow_alcove_1, nicolae_concentric_dashed_squares_wild,
          uniq_ijyb, uniq_terence
D:4:      layout_rooms, uniq_pikel, uniq_crazy_yiuf_cottage, uniq_edmund
D:5:      layout_cave_pools, lemuel_zombie_altar_yredelemnul,
          mainiacjoe_overflow_cross_hatched,
          hangedman_abyss_or_decor_jellyfish_corner, minivault_26,
          grunt_ministairs_2, uniq_blork_the_orc, uniq_duvessa, uniq_grinder

Skill      XL: |  1  2  3  4  5 |
---------------+----------------+-----
Armour         | 4 5 |  5.2
Fighting       | 3 |  3.7
Axes           | 2 3 |  3.3
Invocations    | 1 2 |  2.0
Shields        | |  3.2

Action                     |  1- 3 |  4- 6 || total
---------------------------+-------+-------++-------
  Melee: War axe           |   124 |    83 ||   207
         Tailslap          |     9 |    11 ||    20
    Use: Scroll            |     3 |     2 ||     5
 Armour: Chain mail        |    60 |    55 ||   115
         Scale mail        |     1 |       ||     1
  Dodge: Dodged            |    37 |    26 ||    63
  Block: Buckler           |    27 |    17 ||    44
